 Dungeon Crawl Stone Soup version 0.31.0-11-ge490571c62 (webtiles) character file.

Game seed: 3443135696869807445

95 Gadfly the Insei (level 4, -2/35 HPs)
             Began as a Demonspawn Monk on Feb 5, 2024.
             Slain by a gnoll
             ... wielding a +1 halberd of protection
              (12 damage)
             ... on level 2 of the Dungeon.
             The game lasted 00:02:33 (1661 turns).

Gadfly the Insei (Demonspawn Monk)                  Turns: 1661, Time: 00:02:33

Health: -2/35      AC:  4    Str: 13    XL:     4   Next: 39%
Magic:  13/13      EV: 15    Int: 11    God:
Gold:   106        SH:  0    Dex: 15    Spells: 3/3 levels left

rFire   + + +        b - +1 dagger (drain)
rCold   . . .        c - orb {light}
rNeg    + . .        a - +0 robe
rPois   .            d - +0 helmet
rElec   .            j - +0 cloak
rCorr   .            (no gloves)
SInv    .            (no boots)
Will    +....        (no amulet)
Stlth   +            f - ring of Gekhlyfi {rF+++ rN+ Will+ MP+9}
HPRegen 0.25/turn    (no ring)
MPRegen 0.13/turn

%: no passive effects
@: glowing
A: repulsion field 1, ignite blood 1
a: no special abilities


You were on level 2 of the Dungeon.
You visited 1 branch of the dungeon, and saw 2 of its levels.

You collected 106 gold pieces.

Inventory:

Hand Weapons
 b - a +1 dagger of draining (weapon)
Armour
 a - a +0 robe (worn)
 c - an orb of light (worn)
 d - a +0 helmet (worn)
 j - a +0 cloak (worn)
Jewellery
 f - the ring of Gekhlyfi (left hand) {rF+++ rN+ Will+ MP+9}
   (You acquired it on level 2 of the Dungeon)

   [ring of magical power]

   rF+++:     It renders you almost immune to fire.
   rN+:       It protects you from negative energy.
   Will+:     It increases your willpower.
   MP+9:      It affects your magic capacity (+9).
Scrolls
 g - a scroll of immolation
Potions
 k - a potion of curing


   Skills:
 - Level 3.0 Fighting
 + Level 3.1 Dodging
 * Level 3.3 Unarmed Combat
 * Level 2.0 Evocations
 * Level 1.5 Shapeshifting


You had 3 spell levels left.
You didn't know any spells.
Your spell library contained the following spells:

 Spells                   Type           Power      Damage    Failure   Level
 Dazzling Flash           Conj/Hex       0%         N/A       71%         3
 Volatile Blastmotes      Fire/Tloc      0%         2d10      71%         3
 Starburst                Conj/Fire      0%         6d3       100%        6
 Maxwell's Capacitive Co  Air            0%         ∞         100%        8


Dungeon Overview and Level Annotations

Branches:
Dungeon (2/15)

Altars:

Annotations:
D:2 1 runed translucent door, Crazy Yiuf


Innate Abilities, Weirdness & Mutations

You are surrounded by a mild repulsion field. (EV +2)
Your demonic aura sometimes causes spilled blood to erupt in flames.


Message History

You are too injured to fight recklessly!
You are too injured to fight recklessly!
You are too injured to fight recklessly!
You are too injured to fight recklessly!
You are too injured to fight recklessly!
You are too injured to fight recklessly!
You are too injured to fight recklessly!
You are too injured to fight recklessly!
You are too injured to fight recklessly!
You are too injured to fight recklessly!
Unknown command.
You hit the gnoll but do no damage. You drain the gnoll.
The gnoll is lightly wounded.
The gnoll barely misses you. The gnoll closely misses you.
You hit the gnoll but do no damage. You drain the gnoll.
The gnoll is moderately wounded.
The gnoll closely misses you.
The gnoll hits you from afar with a +0 spear.
You hit the gnoll. You drain the gnoll.
The gnoll is heavily wounded.
The gnoll closely misses you. The gnoll misses you.
You hit the gnoll but do no damage. You drain the gnoll.
The gnoll is severely wounded.
The gnoll closely misses you. The gnoll barely misses you.
You hit the gnoll but do no damage.
The gnoll is severely wounded.
The gnoll closely misses you.
The gnoll hits you from afar with a +0 spear.
* * * LOW HITPOINT WARNING * * *
You hit the gnoll but do no damage.
The gnoll is severely wounded.
The gnoll hits you with a +1 halberd of protection.
* * * LOW HITPOINT WARNING * * *
The gnoll hits you from afar with a +0 spear.
* * * LOW HITPOINT WARNING * * *
You feel better. The gnoll closely misses you. The gnoll barely misses you.
You hit the gnoll but do no damage. You drain the gnoll.
The gnoll is almost dead.
The gnoll hits you with a +1 halberd of protection!
You die...

##### ....# # ###
###.##... ..#
###.##.### #.#
.........# #.#
###.##.#.# #g#
.......#.# #g#
.).....#.## #g#
.#).##....######@#
.#......#........#
.##.##....####:..#
....##.#.### #..##
##..##.#...# #..#
..[.##.###.# #..#
##.###.###.###..#
#.##.......##..#
##.##..###..##..#######


You could see 3 gnolls.

Vanquished Creatures
  Robin (D:2)
  A gnoll (D:2)
  An adder (D:2)
  A ribbon worm (D:2)
  7 ball pythons
  9 endoplasms
  11 goblins
  8 hobgoblins
  4 jackals (D:1)
  4 quokkas
  3 bats (D:2)
  2 frilled lizards (D:1)
  3 kobolds
  2 rats (D:1)
57 creatures vanquished.

Notes
Turn   | Place    | Note
-------+----------+-------------------------------------------
     0 | D:1      | Gadfly the Demonspawn Monk began the quest for the Orb.
     0 | D:1      | Reached XP level 1. HP: 18/18 MP: 1/1
   125 | D:1      | Gained mutation: Your demonic aura sometimes causes spilled
                  | blood to erupt in flames. [demonic ancestry]
   125 | D:1      | Reached XP level 2. HP: 8/24 MP: 2/2
   261 | D:1      | Reached skill level 1 in Evocations
   350 | D:1      | Found a faded altar of an unknown god.
   701 | D:1      | Reached XP level 3. HP: 29/29 MP: 3/3
   723 | D:1      | Reached skill level 1 in Shapeshifting
  1162 | D:2      | Identified a scroll of acquirement
  1162 | D:2      | Acquired the ring of Gekhlyfi {rF+++ rN+ Will+ MP+9}
  1286 | D:2      | Found a runed translucent door.
  1287 | D:2      | Noticed Crazy Yiuf
  1323 | D:2      | Noticed Robin
  1368 | D:2      | Killed Robin
  1369 | D:2      | Gained mutation: You are surrounded by a mild repulsion
                  | field. (EV +2) [demonic ancestry]
  1369 | D:2      | Reached XP level 4. HP: 30/35 MP: 4/4
  1661 | D:2      | Slain by a gnoll

Illustrated notes

Levels and vault maps discovered:
D:1:      mrwooster_arrival_statue, layout_loops_ring, basic_ecumenical_altar
D:2:      layout_loops_ring, uniq_crazy_yiuf_cottage, uniq_robin

Skill      XL: |  1  2  3  4 |
---------------+-------------+-----
Evocations     | 1 2 |  2.0
Unarmed Combat | 3 |  3.3
Shapeshifting  | 1 |  1.5
Dodging        | 3 |  3.1
Fighting       | |  3.0

Action                     |  1- 3 |  4- 6 || total
---------------------------+-------+-------++-------
  Melee: Dagger            |   107 |    33 ||   140
         Unarmed           |     1 |       ||     1
    Use: Scroll            |     2 |     3 ||     5
         Potion            |     1 |     2 ||     3
 Armour: Robe              |    53 |    18 ||    71
  Dodge: Dodged            |    76 |    33 ||   109
